 Dungeon Crawl Stone Soup version 0.32-a0-132-g2d33c3cfaf (webtiles) character file.

Game seed: 4703208544087096559

14 Ge0ff the Poker (level 2, -22/24 HPs)
             Began as a Mummy Chaos Knight on Feb 9, 2024.
             Annihilated by a red devil
             ... wielding a +0 heavy trident
             ... summoned by Xom
              (23 damage)
             ... on level 1 of the Dungeon.
             The game lasted 00:01:16 (584 turns).

Ge0ff the Poker (Mummy Chaos Knight)                 Turns: 584, Time: 00:01:16

Health: -22/24     AC:  5    Str: 15    XL:     2   Next: 31%
Magic:  2/2        EV: 11    Int: 11    God:
Gold:   5          SH:  0    Dex: 11    Spells: 1/1 levels left

rFire   x . .        b - +0 halberd (chaos)
rCold   + . .        (shield currently unavailable)
rNeg    + + +        Z - +2 leather armour
rPois   ∞            (no helmet)
rElec   .            (no cloak)
rCorr   .            (no gloves)
SInv    .            (no boots)
Will    .....        (no amulet)
Stlth   +            (no ring)
HPRegen 0.24/turn    (no ring)
MPRegen 0.08/turn

%: faith
@: spiked
A: cold resistance 1, negative energy resistance 3, torment resistance 2, heat
vulnerability 1, in touch with death 1, no potions, faith
a: no special abilities


You were on level 1 of the Dungeon.
You visited 1 branch of the dungeon, and saw 1 of its levels.

You collected 5 gold pieces.

Inventory:

Hand Weapons
 a - a +0 spear of chaos
 b - a +0 halberd of chaos (weapon)
 T - a +0 sling
Missiles
 U - 42 stones (quivered)
 W - 5 boomerangs
Armour
 Z - a +2 leather armour (worn)
Scrolls
 S - a scroll of butterflies
 V - a scroll of identify {unknown}
 X - a scroll of enchant weapon {unknown}
 Y - a scroll of poison {unknown}


   Skills:
 - Level 3.0 Fighting
 + Level 3.1 Polearms
 - Level 1.5 Armour
 - Level 0.7 Dodging


You had one spell level left.
You didn't know any spells.
Your spell library was empty.

Dungeon Overview and Level Annotations

Branches:
Dungeon (1/15) Zot: 5408

Altars:


Innate Abilities, Weirdness & Mutations

You are immune to poison.
Your flesh is cold resistant. (rC+)
You are immune to negative energy. (rN+++)
You are immune to unholy pain and torment.
You are vulnerable to heat. (rF-)
You are in touch with the powers of death.
You do not drink.
You have a special connection with the divine. (Faith)


Message History

The frilled lizard appears confused.
The frilled lizard barely misses you.
You puncture the frilled lizard!
You kill the frilled lizard! "Time to have some fun!"
You puncture the endoplasm! You burn the endoplasm.
You kill the endoplasm!
The endoplasm disappears in a puff of smoke!
You reach to attack!
You closely miss the goblin. You barely miss the goblin.
The goblin barely misses you. The frilled lizard bites you.
You closely miss the goblin. The goblin misses you.
The frilled lizard barely misses you. The frilled lizard misses you.
The goblin barely misses you.
You barely miss the goblin. The goblin barely misses you.
The frilled lizard bites you.
You barely miss the goblin. The frilled lizard barely misses you.
The goblin hits you but does no damage.
You barely miss the goblin. The goblin hits you with a +0 dagger.
The frilled lizard bites you but does no damage. x2
The goblin hits you with a +0 dagger.
You puncture the goblin! Lightning courses through the goblin!
You kill the goblin!
The goblin's corpse degenerates into a cloud of primal chaos!
The frilled lizard barely misses you.
You barely miss the frilled lizard.
The frilled lizard misses you. "Fight to survive, mortal."
You hit the frilled lizard. You freeze the frilled lizard.
You kill the frilled lizard!
The frilled lizard's corpse disappears in a puff of smoke!
You reach to attack!
You hit the red devil. You freeze the red devil.
The red devil is lightly wounded.
The red devil closely misses you.
You reach to attack!
You miss the red devil.
The red devil is lightly wounded.
The red devil completely misses you.
You reach to attack!
You miss the red devil.
The red devil is lightly wounded.
The red devil barely misses you.
You reach to attack!
You closely miss the red devil.
The red devil hits you from afar with a +0 heavy trident!!
Ouch! That really hurt!
* * * LOW HITPOINT WARNING * * *
Barbed spikes become lodged in your body.
Reach: b) +0 halberd (chaos)
Press: ? - help, Dir - move target, f/p - red devil
Aim: a red devil, wielding a +0 heavy trident (summoned, about 68% to evade your +0 halberd of chaos)
You reach to attack!
You barely miss the red devil.
The red devil hits you from afar with a +0 heavy trident!!
Ouch! That really hurt!
You die...

..# ... .######.####
........... ##
..........# .####
..........##### ....
.......4....... ..#
#.# .# #@# .# #.# .#
######## #.#
.###......######.#
.#.+.............#
.#.#...>...#######
.#.#.......########
......####.##.....##
.#.#..##...#...<...#


You could see a red devil (summoned).

Vanquished Creatures
  2 dart slugs (D:1)
  2 endoplasms (D:1)
  A giant cockroach (D:1)
  A goblin (D:1)
  A quokka (D:1)
  2 frilled lizards (D:1)
  A kobold (D:1)
  4 rats (D:1)
14 creatures vanquished.

Notes
Turn   | Place    | Note
-------+----------+-------------------------------------------
     0 | D:1      | Ge0ff the Mummy Chaos Knight began the quest for the Orb.
     0 | D:1      | Reached XP level 1. HP: 18/18 MP: 1/1
     0 | D:1      | Fell from the grace of Xom
   204 | D:1      | XOM: 1-stop teleportation journey
   248 | D:1      | Reached XP level 2. HP: 24/24 MP: 2/2
   478 | D:1      | XOM: god gift: +0 halberd of chaos
   567 | D:1      | XOM: summons 3 hostile shadow creatures
   576 | D:1      | XOM: summons 1 hostile demon
   577 | D:1      | Noticed a red devil
   583 | D:1      | HP: 1/24 [red devil/+0 heavy trident[Xom] (21)]
   584 | D:1      | Annihilated by a red devil

Illustrated notes

Levels and vault maps discovered:
D:1:      minmay_arrival_shattered_statue, layout_basic

Skill      XL: |  1  2 |
---------------+-------+-----
Polearms       | 3 |  3.1
Fighting       | |  3.0
Armour         | |  1.5
Dodging        | |  0.7

Action                     || total
---------------------------++-------
  Melee: Spear             ||    29
         Punch             ||     1
         Halberd           ||    24
 Invoke: Renounce Religion ||     1
 Armour: Leather armour    ||    21
  Dodge: Dodged            ||    29

Table legend: (Time is in decaauts)
 A = Elapsed time spent in this place.
 B = Non-inter-level travel time spent in this place.
 C = Inter-level travel time spent in this place.
 D = Time resting spent in this place.
 E = Time spent auto-exploring this place.
 F = Levels seen in this place.
 G = Mean time per level.
                   A        B        C        D        E       F      G
               +--------+--------+--------+--------+--------+-----+--------+
         Total |    590 |    590 |      0 |      0 |    437 |   1 |  590.0 |
       Dungeon |    590 |    590 |      0 |      0 |    437 |   1 |  590.0 |
               +--------+--------+--------+--------+--------+-----+--------+

Top non-repeatable levels by time:
     D:1: 590 daAuts
